3AAA
BRINKLEY BELUGAS @ HAMILTON COYOTES
06/09/2024
 
TOP OF THE 1ST
Brinkley Belugas batting - Pitching for Hamilton Coyotes : RHP Javier Castillo
Pitching: RHP Javier Castillo
Batting: RHB Reggie Kahn 0-0: Ball
1-0: Foul Ball, location: 2F
1-1: Ball
2-1: Ball
3-1: Base on Balls
Batting: RHB Sergio Ortíz 0-0: Ball
1-0: Foul Ball, location: 2F
1-1: Foul Ball, location: 2F
1-2: Ball
2-2: Ball
3-2: Foul Ball, location: 2F
3-2: Grounds into double play, 6-4-3 (Groundball, 6)
Batting: RHB Chris Costa 0-0: Foul Ball, location: 2F
0-1: Ground out 5-3 (Groundball, 56S)
Top of the 1st over - 0 run(s), 0 hit(s), 0 error(s), 0 left on base; Brinkley 0 - Hamilton 0
BOTTOM OF THE 1ST
Hamilton Coyotes batting - Pitching for Brinkley Belugas : LHP Terry King
Pitching: LHP Terry King
Batting: LHB Tony Ríos 0-0: Ball
1-0: Swinging Strike
1-1: Swinging Strike
1-2: Foul Ball, location: 2F
1-2: Fly out, F8 (Flyball, 8RM)
Batting: RHB Frank Walker 0-0: Called Strike
0-1: SINGLE (Line Drive, 89S)
Batting: RHB Pete Knight 0-0: Ball
1-0: Foul Ball, location: 2F
1-1: Called Strike
1-2: Foul Ball, location: 2F
1-2: SINGLE (Line Drive, 6MD)
Frank Walker to second
Batting: RHB Jack O'Brien 0-0: Fly out, F5 (Popup, 5DF)
Batting: RHB Noel Wells 0-0: Called Strike
0-1: Ball
1-1: Ball
2-1: Foul Ball, location: 2F
2-2: Ball
3-2: Foul Ball, location: 2F
3-2: Base on Balls
Frank Walker to third
Pete Knight to second
Batting: RHB Dan Bernard 0-0: Ball
1-0: Ball
2-0: Fly out, F7 (Line Drive, 78M)
Bottom of the 1st over - 0 run(s), 2 hit(s), 0 error(s), 3 left on base; Brinkley 0 - Hamilton 0
TOP OF THE 2ND
Brinkley Belugas batting - Pitching for Hamilton Coyotes : RHP Javier Castillo
Batting: RHB Alfonso Enríquez 0-0: Ground out 5-3 (Groundball, 5L)
Batting: LHB Mike Cook 0-0: Called Strike
0-1: Ball
1-1: Called Strike
1-2: Ball
2-2: Ball
3-2: Base on Balls
Batting: LHB Ramón Martínez 0-0: Ball
1-0: Called Strike
1-1: Foul Ball, location: 2F
1-2: Foul Ball, location: 2F
1-2: Foul Ball, location: 2F
1-2: Grounds into double play, 4-6-3 (Groundball, 4)
Top of the 2nd over - 0 run(s), 0 hit(s), 0 error(s), 0 left on base; Brinkley 0 - Hamilton 0
BOTTOM OF THE 2ND
Hamilton Coyotes batting - Pitching for Brinkley Belugas : LHP Terry King
Batting: RHB Monty Sharp 0-0: Swinging Strike
0-1: Ball
1-1: SINGLE (Groundball, 34D)
Batting: RHB Stan Pierce 0-0: Ball
1-0: 2-RUN HOME RUN (Flyball, 9LD), Distance : 328 ft
Batting: RHB Jon Erickson 0-0: Fly out, F5 (Popup, 5SF)
Batting: LHB Tony Ríos 0-0: Called Strike
0-1: Foul Ball, location: 2F
0-2: Ground out 1-3 (Groundball, 13)
Batting: RHB Frank Walker 0-0: Ball
1-0: Ball
2-0: Called Strike
2-1: Foul Ball, location: 2F
2-2: Ball
3-2: Foul Ball, location: 2F
3-2: Base on Balls
Batting: RHB Pete Knight 0-0: Ball
1-0: Called Strike
1-1: Ball
2-1: Ground out 6-3 (Groundball, 6)
Bottom of the 2nd over - 2 run(s), 2 hit(s), 0 error(s), 1 left on base; Brinkley 0 - Hamilton 2
TOP OF THE 3RD
Brinkley Belugas batting - Pitching for Hamilton Coyotes : RHP Javier Castillo
Batting: RHB Chang-bum Pak 0-0: Ball
1-0: Foul Ball, location: 2F
1-1: Ball
2-1: Ball
3-1: Base on Balls
Batting: RHB Randy Tucker 0-0: Foul Ball, location: 2F
0-1: Ball
1-1: Ball
2-1: SINGLE (Line Drive, 8LS)
Chang-bum Pak to second
Runner from 2nd tries for 3rd, SAFE, throw made to third
Randy Tucker to second
Batting: LHB Ubbe van Antwerpen 0-0: Called Strike
0-1: Swinging Strike
0-2: Strikes out swinging
Pitching: RHP Larry Gordon
Batting: RHB Reggie Kahn 0-0: Called Strike
0-1: SINGLE (Line Drive, 8LS)
Chang-bum Pak scores
Randy Tucker to third
Batting: RHB Sergio Ortíz 0-0: Ball
1-0: Ball
2-0: Foul Ball, location: 2F
2-1: Foul Ball, location: 2F
2-2: Foul Ball, location: 2F
2-2: Foul Ball, location: 2F
2-2: Fly out, F9 (Flyball, 89M)
Runner from 3rd tags up, SCORES, no throw
Batting: RHB Chris Costa 0-0: Ball
1-0: Ground out 6-3 (Groundball, 6)
Top of the 3rd over - 2 run(s), 2 hit(s), 0 error(s), 1 left on base; Brinkley 2 - Hamilton 2
BOTTOM OF THE 3RD
Hamilton Coyotes batting - Pitching for Brinkley Belugas : LHP Terry King
Batting: RHB Jack O'Brien 0-0: Ball
1-0: Called Strike
1-1: Foul Ball, location: 2F
1-2: Foul Ball, location: 2F
1-2: Foul Ball, location: 2F
1-2: Strikes out swinging
Batting: RHB Noel Wells 0-0: Swinging Strike
0-1: Ball
1-1: Ball
2-1: Fly out, F8 (Flyball, 8LS)
Batting: RHB Dan Bernard 0-0: Ball
1-0: Ground out U3 (Groundball, 3)
Bottom of the 3rd over - 0 run(s), 0 hit(s), 0 error(s), 0 left on base; Brinkley 2 - Hamilton 2
TOP OF THE 4TH
Brinkley Belugas batting - Pitching for Hamilton Coyotes : RHP Larry Gordon
Batting: RHB Alfonso Enríquez 0-0: Fly out, F7 (Flyball, 7M)
Batting: LHB Mike Cook 0-0: Ball
1-0: SINGLE (Flyball, 8RS)
Batting: LHB Ramón Martínez 0-0: Called Strike
0-1: Ball
1-1: Called Strike
1-2: Ball
2-2: Strikes out swinging
Batting: RHB Chang-bum Pak 0-0: Fly out, F8 (Flyball, 8LM)
Top of the 4th over - 0 run(s), 1 hit(s), 0 error(s), 1 left on base; Brinkley 2 - Hamilton 2
BOTTOM OF THE 4TH
Hamilton Coyotes batting - Pitching for Brinkley Belugas : LHP Terry King
Batting: RHB Monty Sharp 0-0: Ball
1-0: Ball
2-0: Foul Ball, location: 2F
2-1: Foul Ball, location: 2F
2-2: Strikes out swinging
Batting: RHB Stan Pierce 0-0: Foul Ball, location: 2F
0-1: Ball
1-1: Foul Ball, location: 2F
1-2: SINGLE (Groundball, 4MD)
Batting: RHB Jon Erickson 0-0: Called Strike
0-1: Fly out, F7 (Flyball, 78M)
Batting: LHB Tony Ríos 0-0: Ball
1-0: Fly out, F7 (Flyball, 7M)
Bottom of the 4th over - 0 run(s), 1 hit(s), 0 error(s), 1 left on base; Brinkley 2 - Hamilton 2
TOP OF THE 5TH
Brinkley Belugas batting - Pitching for Hamilton Coyotes : RHP Larry Gordon
Batting: RHB Randy Tucker 0-0: Ball
1-0: Ball
2-0: Ball
3-0: Base on Balls
Batting: LHB Ubbe van Antwerpen 0-0: Ball
1-0: Ball
2-0: Ball
3-0: Called Strike
3-1: Base on Balls
Randy Tucker to second
Batting: RHB Reggie Kahn 0-0: Ball
1-0: Fielders Choice at 2nd, 6-4 (Groundball, 6M)
Randy Tucker to third
Batting: RHB Sergio Ortíz 0-0: Called Strike
0-1: Ball
1-1: Ball
2-1: Ball
3-1: Foul Ball, location: 2F
3-2: Base on Balls
Reggie Kahn to second
Pitching: LHP Reynaldo Sánchez
Batting: RHB Chris Costa 0-0: Called Strike
0-1: Ball
1-1: Foul Ball, location: 2F
1-2: Ball
2-2: Fly out, F9 (Flyball, 9LD)
Runner from 3rd tags up, SCORES, no throw
Batting: RHB Alfonso Enríquez 0-0: Called Strike
0-1: SINGLE (Groundball, 56D)
Reggie Kahn to third
Sergio Ortíz to second
Runner from 3rd tries for Home, SAFE, no throw or cutoff
Batting: LHB Mike Cook 0-0: Ball
1-0: Ball
2-0: Foul Ball, location: 2F
2-1: Ball
3-1: Ground out 3-1 (Groundball, 3L)
Top of the 5th over - 2 run(s), 1 hit(s), 0 error(s), 2 left on base; Brinkley 4 - Hamilton 2
BOTTOM OF THE 5TH
Hamilton Coyotes batting - Pitching for Brinkley Belugas : LHP Terry King
Batting: RHB Frank Walker 0-0: Foul Ball, location: 2F
0-1: Ball
1-1: Fly out, F8 (Popup, 8LS)
Batting: RHB Pete Knight 0-0: Called Strike
0-1: Ball
1-1: Swinging Strike
1-2: Ball
2-2: Foul Ball, location: 2F
2-2: Foul Ball, location: 2F
2-2: Ball
3-2: Base on Balls
Pitching: RHP Chang-keun Hyon
Batting: RHB Jack O'Brien 0-0: Swinging Strike
0-1: Ball
1-1: Called Strike
1-2: Strikes out swinging
Batting: RHB Noel Wells 0-0: Fly out, F9 (Flyball, 9M)
Bottom of the 5th over - 0 run(s), 0 hit(s), 0 error(s), 1 left on base; Brinkley 4 - Hamilton 2
TOP OF THE 6TH
Brinkley Belugas batting - Pitching for Hamilton Coyotes : LHP Reynaldo Sánchez
Batting: LHB Ramón Martínez 0-0: Ball
1-0: Swinging Strike
1-1: Called Strike
1-2: Foul Ball, location: 2F
1-2: Ball
2-2: Strikes out looking
Batting: RHB Chang-bum Pak 0-0: Ball
1-0: Ground out 6-3 (Groundball, 6S)
Batting: RHB Randy Tucker 0-0: Fly out, F8 (Flyball, 8LM)
Top of the 6th over - 0 run(s), 0 hit(s), 0 error(s), 0 left on base; Brinkley 4 - Hamilton 2
BOTTOM OF THE 6TH
Hamilton Coyotes batting - Pitching for Brinkley Belugas : RHP Chang-keun Hyon
Batting: RHB Dan Bernard 0-0: Foul Ball, location: 2F
0-1: Called Strike
0-2: Ball
1-2: Ball
2-2: Ball
3-2: Base on Balls
Batting: RHB Monty Sharp 0-0: Swinging Strike
0-1: Grounds into double play, U4-3 (Groundball, 4)
Batting: RHB Stan Pierce 0-0: Called Strike
0-1: Ball
1-1: Swinging Strike
1-2: Ball
2-2: Strikes out swinging
Bottom of the 6th over - 0 run(s), 0 hit(s), 0 error(s), 0 left on base; Brinkley 4 - Hamilton 2
TOP OF THE 7TH
Brinkley Belugas batting - Pitching for Hamilton Coyotes : LHP Reynaldo Sánchez
Batting: LHB Ubbe van Antwerpen 0-0: Called Strike
0-1: Ball
1-1: Foul Ball, location: 2F
1-2: Ball
2-2: Foul Ball, location: 2F
2-2: Ball
3-2: Strikes out swinging
Batting: RHB Reggie Kahn 0-0: Called Strike
0-1: Ball
1-1: Ball
2-1: Called Strike
2-2: Fly out, F9 (Flyball, 89M)
Batting: RHB Sergio Ortíz 0-0: DOUBLE (Line Drive, 5L)
Batting: RHB Chris Costa 0-0: Ball
1-0: Ball
2-0: Ball
3-0: Base on Balls
Batting: RHB Alfonso Enríquez 0-0: Ball
1-0: Ball
2-0: Ground out 4-3 (Groundball, 4)
Top of the 7th over - 0 run(s), 1 hit(s), 0 error(s), 2 left on base; Brinkley 4 - Hamilton 2
BOTTOM OF THE 7TH
Hamilton Coyotes batting - Pitching for Brinkley Belugas : RHP Chang-keun Hyon
Batting: RHB Jon Erickson 0-0: Ball
1-0: Called Strike
1-1: Swinging Strike
1-2: Ball
2-2: Ball
3-2: Foul Ball, location: 2F
3-2: Ground out 6-3 (Groundball, 56)
Batting: LHB Tony Ríos 0-0: Foul Ball, location: 2F
0-1: Ball
1-1: Foul Ball, location: 2F
1-2: Ball
2-2: Ball
3-2: Fly out, F8 (Flyball, 8LS)
Batting: RHB Frank Walker 0-0: Ball
1-0: Ball
2-0: Ball
3-0: Called Strike
3-1: Base on Balls
Batting: RHB Pete Knight 0-0: Called Strike
0-1: DOUBLE (Flyball, 89XD)
Frank Walker to third
Batting: RHB Jack O'Brien 0-0: SINGLE (Flyball, 7LS)
Frank Walker scores
Pete Knight to third
Batting: RHB Noel Wells 0-0: Ball
1-0: Ball
2-0: Ball
3-0: Called Strike
3-1: Foul Ball, location: 2F
3-2: Base on Balls
Jack O'Brien to second
Pinch Hitting: LHB Ralph Dunford 0-0: Ball
1-0: Called Strike
1-1: Ball
2-1: Reached on Error, E7 (Flyball, 7M)
Pete Knight scores
Jack O'Brien scores
Noel Wells to third
Pitching: RHP Alonso Cruz
Pinch Hitting: RHB Héctor Rojas 0-0: Called Strike
0-1: Foul Ball, location: 2F
0-2: Strikes out looking
Bottom of the 7th over - 3 run(s), 2 hit(s), 1 error(s), 2 left on base; Brinkley 4 - Hamilton 5
TOP OF THE 8TH
Brinkley Belugas batting - Pitching for Hamilton Coyotes : LHP Reynaldo Sánchez
Pitching: LHP Jim Unknown
Now at 3B: Héctor Rojas
Now in RF: Ralph Dunford
Batting: LHB Mike Cook 0-0: Called Strike
0-1: Foul Ball, location: 2F
0-2: Strikes out swinging
Batting: LHB Ramón Martínez 0-0: Ball
1-0: Ball
2-0: Called Strike
2-1: Ball
3-1: Base on Balls
Batting: RHB Chang-bum Pak 0-0: Foul Ball, location: 2F
0-1: Ball
1-1: Ball
2-1: Swinging Strike
2-2: Ball
3-2: Strikes out looking
Batting: RHB Randy Tucker 0-0: Called Strike
0-1: Ball
1-1: Foul Ball, location: 2F
1-2: Strikes out looking
Top of the 8th over - 0 run(s), 0 hit(s), 0 error(s), 1 left on base; Brinkley 4 - Hamilton 5
BOTTOM OF THE 8TH
Hamilton Coyotes batting - Pitching for Brinkley Belugas : RHP Alonso Cruz
Batting: RHB Stan Pierce 0-0: Fly out, F8 (Flyball, 8LM)
Batting: RHB Jon Erickson 0-0: Called Strike
0-1: Swinging Strike
0-2: Ball
1-2: Foul Ball, location: 2F
1-2: Hit by Pitch
Batting: LHB Tony Ríos 0-0: Grounds into double play, U4-3 (Groundball, 4)
Bottom of the 8th over - 0 run(s), 0 hit(s), 0 error(s), 0 left on base; Brinkley 4 - Hamilton 5
TOP OF THE 9TH
Brinkley Belugas batting - Pitching for Hamilton Coyotes : LHP Jim Unknown
Pitching: RHP Del Lamb
Now at SS: John Huff
Now in CF: Lance Schiffer
Batting: LHB Ubbe van Antwerpen 0-0: Ball
1-0: Ball
2-0: Ball
3-0: Base on Balls
Pinch Runner at 1st Jaime López:
Batting: RHB Reggie Kahn 0-0: Called Strike
0-1: Ball
1-1: Ball
2-1: Bunted foul
2-2: Grounds into double play, 6-4-3 (Groundball, 6)
Batting: RHB Sergio Ortíz 0-0: Swinging Strike
0-1: Foul Ball, location: 2F
0-2: Strikes out swinging
Top of the 9th over - 0 run(s), 0 hit(s), 0 error(s), 0 left on base; Brinkley 4 - Hamilton 5
This league is powered by Out of the Park Baseball, the baseball management simulation game for PC, Mac and Linux
Monday, October 3rd, 2016 - OOTP Baseball 16.9 Build 39